 Dungeon Crawl Stone Soup version 0.27-a0-3-gcf006a40f5 (webtiles) character file.

Game seed: 9089973743417531461

179 voltaire321 the Insei (level 5, -2/35 HPs)
             Began as an Octopode Transmuter on Jan 1, 2021.
             Slain by Natasha (8 damage)
             ... on level 3 of the Dungeon.
             The game lasted 00:08:05 (3520 turns).

voltaire321 the Insei (Octopode Transmuter)         Turns: 3520, Time: 00:08:05

Health: -2/35      AC:  1    Str:  9    XL:     5   Next: 59%
Magic:  9/9        EV: 14    Int: 16    God:
Gold:   158        SH:  0    Dex: 13    Spells: 3/9 levels left

rFire    . . .     SeeInvis .     - Unarmed
rCold    . . .     Faith    .   (no shield)
rNeg     . . .     Spirit   .   (helmet currently unavailable)
rPois    .         Reflect  .   (no amulet)
rElec    .         Harm     .   (no ring)
rCorr    .         Rampage  .   (no ring)
Will     .....                  (no ring)
Stlth    ++........             (no ring)
HPRegen  0.11/turn              (no ring)
MPRegen  0.11/turn              (no ring)
                                (no ring)
                                (no ring)

@: confused, appendages (expiring)
A: almost no armour, stealthy swim, amphibious, 8 rings, constrict 8, tentacle
spike 3, camouflage 1, gelatinous body 1
a: End Transformation


You were on level 3 of the Dungeon.
One of your tentacles had a temporary spike.
You visited 1 branch of the dungeon, and saw 3 of its levels.

You collected 158 gold pieces.

Inventory:

Missiles
 f - 3 javelins
 g - 8 boomerangs of dispersal
Jewellery
 d - an uncursed amulet of regeneration {unknown}
 e - an uncursed amulet of reflection {unknown}
 m - an uncursed ring of willpower {unknown}
Scrolls
 h - a scroll of remove curse
 j - a scroll of blinking {unknown}
 k - a scroll of identify {unknown}
Potions
 a - 3 potions of degeneration {unknown}
 b - a potion of heal wounds {unknown}
 c - 2 potions of ambrosia
 i - a potion of flight {unknown}
 l - a potion of curing {unknown}


   Skills:
 + Level 2.3 Fighting
 + Level 1.3 Throwing
 + Level 2.9 Dodging
 + Level 3.6 Unarmed Combat
 + Level 2.6 Spellcasting
 + Level 2.7 Transmutations
 + Level 1.4 Poison Magic


You had 3 spell levels left.
You knew the following spells:

 Your Spells              Type           Power        Failure   Level
a - Beastly Appendage     Tmut           20%          6%          1
b - Wereblood             Tmut           10%          10%         2
c - Spider Form           Tmut/Pois      4%           26%         3

Your spell library contained the following spells:

 Spells                   Type           Power        Failure   Level
 Ice Form                 Ice/Tmut       6%           73%         4
 Blade Hands              Tmut           5%           87%         5


Dungeon Overview and Level Annotations

Branches:
Dungeon (3/15)

Altars:
Cheibriados
Ru

Annotations:
D:3 Natasha


Innate Abilities, Weirdness & Mutations

You cannot wear most types of armour.
You are very stealthy in the water. (Stealth+)
You are amphibious.
You can wear up to eight rings at the same time.
You can use your tentacles to constrict eight enemies at once.
Your skin changes colour to match your surroundings (Stealth+).
Your rubbery body absorbs attacks. (AC +1, EV +1)
One of your tentacles bears a large vicious spike.


Message History

Natasha barely misses you.
You tentacle-slap Natasha. Your grab misses Natasha.
Your squeeze misses Natasha.
Natasha is moderately wounded.
Your transformation is almost over.
The shadow imp summons a swarm of flies.
The shadow imp hits you. Natasha claws you!
You tentacle-slap Natasha but do no damage.
Your grab misses Natasha.
Your tentacle spike misses Natasha.
Natasha is moderately wounded.
The shadow imp closely misses you. Natasha claws you!
* * * LOW HITPOINT WARNING * * *
It was a potion of ambrosia.
You are confused.
You feel invigorated. The shadow imp closely misses you. Natasha claws you.
* * * LOW HITPOINT WARNING * * *
The shadow imp hits you.
* * * LOW HITPOINT WARNING * * *
Natasha claws you!
You die...

..###..# #######.##.##.#
.......# ####...#.##.#
..####.#
#........##.######## ..##
#.# #.##...#.##.........
...#
#.#######.###.##.###########
...# #.......#.# #.##.# #..#
#######.#.###.##.# ...#
#....##.##.# ##.#
#....@h.##.# .# ##..5##.##.#
.# ##.## # #.# ### #.# #..
#.# #.# #.. #)# ### #.# #.#


You could see Natasha and a shadow imp (summoned).

Vanquished Creatures
  Natasha (D:3)
  4 gnolls
  3 adders
  An ooze (D:1)
  4 worms
  A dart slug (D:3)
  3 leopard geckos
  An orc (D:3)
  7 bats
  2 giant cockroaches (D:3)
  10 goblins
  10 hobgoblins
  4 jackals (D:1)
  3 quokkas (D:2)
  A frilled lizard (D:1)
  4 kobolds
  9 rats
68 creatures vanquished.

Notes
Turn   | Place    | Note
-------+----------+-------------------------------------------
     0 | D:1      | voltaire321 the Octopode Transmuter began the quest for the
                  | Orb.
     0 | D:1      | Reached XP level 1. HP: 13/13 MP: 3/3
   128 | D:1      | Reached XP level 2. HP: 18/18 MP: 3/5
   139 | D:1      | Learned a level 2 spell: Wereblood
   573 | D:1      | Reached XP level 3. HP: 17/23 MP: 4/6
  1087 | D:1      | Learned a level 3 spell: Spider Form
  1605 | D:2      | Reached XP level 4. HP: 16/29 MP: 7/7
  2461 | D:1      | Reached skill level 1 in Throwing
  2461 | D:1      | Reached skill level 1 in Poison Magic
  2769 | D:2      | Found a sacrificial altar of Ru.
  2842 | D:2      | Reached XP level 5. HP: 21/34 MP: 6/8
  3165 | D:3      | Noticed Natasha
  3186 | D:3      | Killed Natasha
  3385 | D:3      | Found a snail-covered altar of Cheibriados.
  3512 | D:3      | Noticed Natasha
  3520 | D:3      | Slain by Natasha

Illustrated notes

Levels and vault maps discovered:
D:1:      lightli_arrival_chessboard, layout_basic, serial_corexii_hall,
          corexii_hall_statues_i, corexii_hall_statues_i
D:2:      layout_rooms, lemuel_round_altar
D:3:      layout_loops_ring, lemuel_crystal_altar, uniq_natasha

Skill      XL: |  1  2  3  4 |
---------------+-------------+-----
Fighting       | 2 |  2.3
Throwing       | 1 |  1.3
Poison Magic   | 1 |  1.4
Dodging        | |  2.9
Unarmed Combat | |  3.6
Spellcasting   | |  2.6
Transmutations | |  2.7

Action                   |  1- 3 |  4- 6 || total
-------------------------+-------+-------++-------
Melee: Unarmed           |    72 |    88 ||   160
       Tentacles         |    11 |    18 ||    29
       Constrict         |    23 |    28 ||    51
       Kick              |    25 |    25 ||    50
       Punch             |       |     2 ||     2
 Cast: Beastly Appendage |    21 |    26 ||    47
  Use: Scroll            |       |     1 ||     1
       Potion            |       |     1 ||     1
 Stab: Sleeping          |     2 |     6 ||     8
Armor: Skin              |     8 |     3 ||    11
Dodge: Dodged            |    54 |    45 ||    99

Table legend: (Time is in decaauts)
 A = Elapsed time spent in this place.
 B = Non-inter-level travel time spent in this place.
 C = Inter-level travel time spent in this place.
 D = Time resting spent in this place.
 E = Time spent auto-exploring this place.
 F = Levels seen in this place.
 G = Mean time per level.
                   A        B        C        D        E       F      G
               +--------+--------+--------+--------+--------+-----+--------+
         Total |   3511 |   3391 |    120 |   1333 |   1313 |   3 | 1170.3 |
       Dungeon |   3511 |   3391 |    120 |   1333 |   1313 |   3 | 1170.3 |
               +--------+--------+--------+--------+--------+-----+--------+

Top non-repeatable levels by time:
     D:1: 1540 daAuts
     D:2: 1479 daAuts
     D:3: 491 daAuts
